[ AOE2 MATCH · #495829749 ]
UnrankedPoles vs Ethiopians
Player's team · WIN
[ REPLAY ANALYSIS · EXTRACTED FROM THE RECORDED GAME ]
Feudal
10:31
Castle
22:38
Imperial
52:29
| APM avg | 62.4 |
| APM peak | 135 |
| eAPM avg | 36.6 |
| Villagers / military | 173 / 303 |
Focus
⚔️ 46.5% · 🌾 53.5%
Knight ×142 · Scout Cavalry ×118 · Skirmisher ×14 · Mangonel ×9 · Battering Ram ×8 · Archer ×3
Feudal
9:06
Castle
24:56
Imperial
40:36
| APM avg | 64.6 |
| APM peak | 100 |
| eAPM avg | 29.8 |
| Villagers / military | 186 / 239 |
Focus
⚔️ 41.4% · 🌾 58.6%
Archer ×169 · Spearman ×51 · Scout Cavalry ×5 · Militia ×4 · Bombard Cannon ×4 · Trebuchet (Packed) ×3
Match map
Initial resources + every placement click. Lines = walls · curves = elevation contours. ◆ gold · ⬟ stone · ● berries · ✦ relic · ◌ wall gap
Your base· ✓ Closed at 22:38 · 56t walls · 1 gate(s)
★ DrumM ❿'s base· ✓ Closed at 24:56 · 31t walls · 1 gate(s)
Smoothed initial terrain · ◌ = detected wall gap · hover for details
Inputs per minute
— dehinker - - ★ DrumM ❿
Build order — dehinker
First 150 of 662 actions detected
| 0:00 | Queue | Villager (Male) |
| 0:01 | Queue | Villager (Male) |
| 0:02 | Build | House |
| 0:02 | Queue | Villager (Male) |
| 0:03 | Queue | Villager (Male) |
| 0:04 | Build | House |
| 1:25 | Queue | Villager (Male) |
| 1:58 | Queue | Villager (Male) |
| 2:14 | Build | Lumber Camp |
| 2:17 | Queue | Villager (Male) |
| 2:50 | Queue | Villager (Male) |
| 3:06 | Queue | Villager (Male) |
| 3:26 | Build | Palisade Wall |
| 3:28 | Build | Palisade Wall |
| 3:28 | Build | Palisade Wall |
| 3:37 | Queue | Villager (Male) |
| 3:49 | Queue | Villager (Male) |
| 3:53 | Build | House |
| 4:28 | Queue | Villager (Male) |
| 4:55 | Build | Barracks |
| 4:59 | Queue | Villager (Male) |
| 5:10 | Queue | Villager (Male) |
| 5:33 | Build | House |
| 5:33 | Build | House |
| 5:44 | Queue | Villager (Male) |
| 6:07 | Build | Mill |
| 6:09 | Queue | Villager (Male) |
| 6:10 | Queue | Militia |
| 6:10 | Queue | Militia |
| 6:15 | Build | House |
| 6:19 | Research | Loom |
| 6:51 | Queue | Villager (Male) |
| 7:14 | Queue | Villager (Male) |
| 7:44 | Queue | Villager (Male) |
| 8:04 | Build | Mill |
| 8:21 | Research | Feudal Age |
| 8:22 | Research | Feudal Age |
| 8:46 | Build | Mining Camp |
| 9:26 | Queue | Villager (Male) |
| 9:34 | Build | Palisade Wall |
| 9:37 | Build | House |
| 9:58 | Build | Palisade Wall |
| 9:59 | Build | Palisade Wall |
| 10:00 | Build | Palisade Wall |
| 10:05 | Build | Palisade Wall |
| 10:20 | Queue | Villager (Male) |
| 10:26 | Queue | Villager (Male) |
| 10:31 | Age | Feudal Age |
| 10:33 | Build | Archery Range |
| 10:36 | Research | Double-Bit Axe |
| 10:36 | Research | Double-Bit Axe |
| 10:36 | Research | Horse Collar |
| 10:36 | Research | Horse Collar |
| 10:43 | Queue | Spearman |
| 11:15 | Queue | Archer |
| 11:20 | Queue | Villager (Male) |
| 11:22 | Queue | Archer |
| 11:42 | Build | Farm |
| 11:43 | Build | Farm |
| 11:48 | Build | Farm |
| 11:53 | Queue | Skirmisher |
| 11:53 | Queue | Skirmisher |
| 12:00 | Queue | Skirmisher |
| 12:04 | Queue | Skirmisher |
| 12:05 | Queue | Villager (Male) |
| 12:24 | Queue | Villager (Male) |
| 12:40 | Queue | Skirmisher |
| 12:43 | Build | Palisade Wall |
| 12:45 | Build | Palisade Wall |
| 12:46 | Build | Palisade Wall |
| 13:00 | Queue | Villager (Male) |
| 13:07 | Build | Mill |
| 13:08 | Build | Farm |
| 13:08 | Build | Farm |
| 13:08 | Build | Farm |
| 13:09 | Build | Farm |
| 13:09 | Build | Farm |
| 13:09 | Build | Farm |
| 13:12 | Queue | Archer |
| 13:22 | Queue | Villager (Male) |
| 13:31 | Queue | Skirmisher |
| 13:42 | Build | Blacksmith |
| 13:49 | Queue | Skirmisher |
| 13:59 | Build | Farm |
| 14:00 | Queue | Villager (Male) |
| 14:08 | Queue | Skirmisher |
| 14:09 | Queue | Villager (Male) |
| 14:12 | Build | Palisade Wall |
| 14:13 | Queue | Villager (Male) |
| 14:17 | Build | Palisade Wall |
| 14:21 | Build | Palisade Wall |
| 14:30 | Queue | Villager (Male) |
| 14:50 | Build | Farm |
| 14:52 | Build | Farm |
| 15:01 | Build | Farm |
| 15:01 | Queue | Villager (Male) |
| 15:08 | Build | House |
| 15:11 | Queue | Villager (Male) |
| 15:23 | Research | Fletching |
| 15:23 | Research | Fletching |
| 15:24 | Research | Padded Archer Armor |
| 15:24 | Research | Padded Archer Armor |
| 15:26 | Build | Farm |
| 15:36 | Build | Palisade Wall |
| 15:41 | Build | House |
| 15:42 | Build | Palisade Wall |
| 15:43 | Queue | Villager (Male) |
| 15:51 | Build | Farm |
| 16:01 | Build | Palisade Wall |
| 16:10 | Build | Farm |
| 16:14 | Queue | Villager (Male) |
| 16:28 | Build | Market |
| 16:29 | Build | Palisade Wall |
| 16:30 | Build | Palisade Wall |
| 16:39 | Queue | Villager (Male) |
| 17:29 | Build | Watch Tower |
| 17:32 | Build | House |
| 17:36 | Queue | Skirmisher |
| 17:37 | Queue | Skirmisher |
| 17:43 | Build | House |
| 18:05 | Queue | Skirmisher |
| 18:24 | Queue | Skirmisher |
| 18:30 | Queue | Villager (Male) |
| 18:55 | Build | House |
| 18:56 | Build | House |
| 19:19 | Queue | Villager (Male) |
| 19:58 | Research | Castle Age |
| 19:58 | Research | Castle Age |
| 20:54 | Build | Stable |
| 20:55 | Build | Stable |
| 21:02 | Build | Palisade Gate |
| 21:12 | Build | Lumber Camp |
| 21:13 | Build | Palisade Wall |
| 21:36 | Build | Palisade Wall |
| 21:44 | Research | Scale Barding Armor |
| 21:45 | Research | Scale Barding Armor |
| 21:57 | Research | Bloodlines |
| 21:57 | Research | Bloodlines |
| 22:04 | Queue | Skirmisher |
| 22:04 | Queue | Skirmisher |
| 22:11 | Queue | Villager (Male) |
| 22:21 | Build | Palisade Wall |
| 22:27 | Build | Lumber Camp |
| 22:36 | Build | Palisade Wall |
| 22:38 | Age | Castle Age |
| 22:42 | Research | Coinage |
| 22:45 | Research | Chain Barding Armor |
| 22:59 | Build | Lumber Camp |
| 23:07 | Queue | Knight |
| 23:07 | Queue | Knight |
Build order — ★ DrumM ❿
First 150 of 624 actions detected
| 0:01 | Queue | Villager (Male) |
| 0:02 | Build | House |
| 0:03 | Build | House |
| 0:08 | Queue | Villager (Male) |
| 0:08 | Queue | Villager (Male) |
| 0:19 | Queue | Villager (Male) |
| 1:23 | Queue | Villager (Male) |
| 1:23 | Queue | Villager (Male) |
| 1:49 | Build | Lumber Camp |
| 2:02 | Queue | Villager (Male) |
| 2:02 | Queue | Villager (Male) |
| 2:11 | Queue | Villager (Male) |
| 2:12 | Queue | Villager (Male) |
| 2:29 | Queue | Villager (Male) |
| 2:30 | Queue | Villager (Male) |
| 3:12 | Queue | Villager (Male) |
| 3:22 | Build | House |
| 3:36 | Queue | Villager (Male) |
| 3:36 | Queue | Villager (Male) |
| 3:45 | Queue | Villager (Male) |
| 3:46 | Queue | Villager (Male) |
| 4:07 | Queue | Villager (Male) |
| 4:08 | Queue | Villager (Male) |
| 4:26 | Queue | Villager (Male) |
| 4:56 | Build | Palisade Wall |
| 5:14 | Queue | Villager (Male) |
| 5:49 | Queue | Villager (Male) |
| 5:50 | Research | Loom |
| 5:53 | Build | Mill |
| 6:56 | Research | Feudal Age |
| 6:57 | Research | Feudal Age |
| 7:09 | Build | Barracks |
| 7:53 | Build | House |
| 8:02 | Queue | Militia |
| 8:02 | Queue | Militia |
| 8:25 | Build | Mining Camp |
| 8:27 | Queue | Militia |
| 8:27 | Queue | Militia |
| 8:45 | Queue | Villager (Male) |
| 9:06 | Age | Feudal Age |
| 9:27 | Research | Man-at-Arms (upgrade) |
| 9:27 | Queue | Villager (Male) |
| 9:36 | Build | Mill |
| 9:43 | Queue | Villager (Male) |
| 10:11 | Queue | Villager (Male) |
| 10:17 | Build | House |
| 10:28 | Research | Double-Bit Axe |
| 10:29 | Research | Double-Bit Axe |
| 10:40 | Build | Farm |
| 10:41 | Build | Farm |
| 11:16 | Queue | Villager (Male) |
| 11:18 | Queue | Villager (Male) |
| 11:20 | Build | Farm |
| 11:21 | Queue | Villager (Male) |
| 11:29 | Build | Farm |
| 11:41 | Build | Archery Range |
| 11:42 | Build | House |
| 11:57 | Build | House |
| 12:04 | Queue | Villager (Male) |
| 12:25 | Queue | Villager (Male) |
| 12:27 | Build | Farm |
| 12:30 | Build | Farm |
| 12:59 | Queue | Villager (Male) |
| 13:00 | Queue | Archer |
| 13:00 | Queue | Archer |
| 13:04 | Queue | Villager (Male) |
| 13:09 | Build | Archery Range |
| 13:15 | Queue | Archer |
| 13:21 | Queue | Villager (Male) |
| 13:23 | Build | Farm |
| 13:31 | Build | Palisade Wall |
| 13:33 | Build | Palisade Wall |
| 13:46 | Build | Farm |
| 14:01 | Build | House |
| 14:08 | Queue | Archer |
| 14:10 | Queue | Archer |
| 14:14 | Queue | Villager (Male) |
| 14:30 | Build | Blacksmith |
| 14:37 | Queue | Archer |
| 14:38 | Queue | Villager (Male) |
| 14:44 | Queue | Archer |
| 14:46 | Queue | Villager (Male) |
| 14:56 | Queue | Archer |
| 14:56 | Queue | Archer |
| 15:03 | Build | House |
| 15:24 | Queue | Archer |
| 15:24 | Queue | Archer |
| 15:32 | Build | Palisade Wall |
| 15:35 | Queue | Villager (Male) |
| 15:44 | Research | Fletching |
| 15:50 | Queue | Archer |
| 15:50 | Queue | Archer |
| 16:07 | Build | Stable |
| 16:20 | Queue | Villager (Male) |
| 16:23 | Build | Farm |
| 16:35 | Queue | Villager (Male) |
| 16:35 | Queue | Archer |
| 16:35 | Queue | Archer |
| 16:40 | Build | Farm |
| 16:44 | Build | House |
| 16:48 | Build | Palisade Wall |
| 17:01 | Queue | Scout Cavalry |
| 17:02 | Queue | Scout Cavalry |
| 17:05 | Build | House |
| 17:14 | Queue | Villager (Male) |
| 17:21 | Queue | Archer |
| 17:21 | Queue | Archer |
| 17:31 | Queue | Archer |
| 17:31 | Queue | Archer |
| 17:35 | Queue | Villager (Male) |
| 17:37 | Build | Farm |
| 17:37 | Queue | Scout Cavalry |
| 17:42 | Build | House |
| 17:43 | Queue | Villager (Male) |
| 17:56 | Build | House |
| 18:04 | Queue | Villager (Male) |
| 18:05 | Build | Farm |
| 18:06 | Queue | Villager (Male) |
| 18:12 | Queue | Archer |
| 18:12 | Queue | Villager (Male) |
| 18:14 | Queue | Scout Cavalry |
| 18:36 | Build | Lumber Camp |
| 18:39 | Queue | Villager (Male) |
| 19:10 | Queue | Archer |
| 19:10 | Queue | Archer |
| 19:13 | Queue | Villager (Male) |
| 19:20 | Queue | Scout Cavalry |
| 19:32 | Build | Palisade Wall |
| 19:41 | Queue | Villager (Male) |
| 19:53 | Queue | Villager (Male) |
| 19:56 | Build | Farm |
| 20:16 | Queue | Archer |
| 20:16 | Queue | Archer |
| 20:19 | Queue | Villager (Male) |
| 20:21 | Build | Farm |
| 21:18 | Queue | Archer |
| 21:18 | Queue | Archer |
| 21:20 | Queue | Villager (Male) |
| 21:22 | Build | Farm |
| 21:22 | Build | Farm |
| 21:22 | Build | Farm |
| 21:22 | Build | Farm |
| 21:23 | Build | Farm |
| 21:23 | Build | Farm |
| 21:39 | Build | Farm |
| 21:45 | Build | Farm |
| 22:04 | Build | Farm |
| 22:05 | Build | Farm |
| 22:06 | Queue | Villager (Male) |
| 22:16 | Research | Castle Age |
Match timeline
| 3:26 | dehinker · wall_segment Palisade Wall x1 |
| 3:28 | dehinker · wall_segment Palisade Wall x1 |
| 3:28 | dehinker · wall_segment Palisade Wall x1 |
| 4:55 | dehinker · first_building Barracks |
| 4:56 | ★ DrumM ❿ · wall_segment Palisade Wall x1 |
| 7:09 | ★ DrumM ❿ · first_building Barracks |
| 9:06 | ★ DrumM ❿ · age_up feudal |
| 9:34 | dehinker · wall_segment Palisade Wall x1 |
| 9:58 | dehinker · wall_segment Palisade Wall x1 |
| 9:59 | dehinker · wall_segment Palisade Wall x1 |
| 10:00 | dehinker · wall_segment Palisade Wall x1 |
| 10:05 | dehinker · wall_segment Palisade Wall x1 |
| 10:31 | dehinker · age_up feudal |
| 10:33 | dehinker · first_building Archery Range |
| 11:41 | ★ DrumM ❿ · first_building Archery Range |
| 12:43 | dehinker · wall_segment Palisade Wall x1 |
| 12:45 | dehinker · wall_segment Palisade Wall x1 |
| 12:46 | dehinker · wall_segment Palisade Wall x1 |
| 13:31 | ★ DrumM ❿ · wall_segment Palisade Wall x3 |
| 13:33 | ★ DrumM ❿ · wall_segment Palisade Wall x8 |
| 14:12 | dehinker · wall_segment Palisade Wall x9 |
| 14:17 | dehinker · wall_segment Palisade Wall x2 |
| 14:21 | dehinker · wall_segment Palisade Wall x8 |
| 15:32 | ★ DrumM ❿ · wall_segment Palisade Wall x6 |
| 15:36 | dehinker · wall_segment Palisade Wall x7 |
| 15:42 | dehinker · wall_segment Palisade Wall x1 |
| 16:01 | dehinker · wall_segment Palisade Wall x17 |
| 16:07 | ★ DrumM ❿ · first_building Stable |
| 16:29 | dehinker · wall_segment Palisade Wall x1 |
| 16:30 | dehinker · wall_segment Palisade Wall x1 |
| 16:48 | ★ DrumM ❿ · wall_segment Palisade Wall x1 |
| 19:20 | dehinker · first_market_sell 100 wood |
| 19:25 | dehinker · first_market_buy 100 food |
| 19:32 | ★ DrumM ❿ · wall_segment Palisade Wall x5 |
| 20:54 | dehinker · first_building Stable |
| 21:13 | dehinker · wall_segment Palisade Wall x1 |
| 21:36 | dehinker · wall_segment Palisade Wall x1 |
| 22:21 | ★ DrumM ❿ · wall_segment Palisade Wall x1 |
| 22:21 | dehinker · wall_segment Palisade Wall x1 |
| 22:22 | ★ DrumM ❿ · wall_segment Palisade Wall x3 |
| 22:36 | dehinker · wall_segment Palisade Wall x1 |
| 22:38 | dehinker · age_up castle |
| 23:43 | ★ DrumM ❿ · wall_segment Palisade Wall x3 |
| 23:50 | ★ DrumM ❿ · wall_segment Palisade Wall x1 |
| 23:52 | dehinker · wall_segment Palisade Wall x1 |
| 24:56 | ★ DrumM ❿ · age_up castle |
| 26:04 | dehinker · first_building Siege Workshop |
| 27:31 | ★ DrumM ❿ · wall_segment Palisade Wall x1 |
| 27:33 | ★ DrumM ❿ · wall_segment Palisade Wall x1 |
| 27:33 | ★ DrumM ❿ · wall_segment Palisade Wall x1 |
| 27:37 | ★ DrumM ❿ · wall_segment Palisade Wall x1 |
| 28:20 | dehinker · wall_segment Palisade Wall x1 |
| 29:24 | dehinker · wall_segment Palisade Wall x1 |
| 29:26 | dehinker · wall_segment Stone Wall x1 |
| 29:28 | dehinker · wall_segment Stone Wall x11 |
| 31:26 | ★ DrumM ❿ · first_building Siege Workshop |
| 35:33 | ★ DrumM ❿ · first_building Castle |
| 35:50 | dehinker · first_building Castle |
| 36:17 | ★ DrumM ❿ · first_market_sell 500 wood |
| 36:18 | ★ DrumM ❿ · first_market_buy 100 food |
| 36:46 | ★ DrumM ❿ · first_building Monastery |
| 40:36 | ★ DrumM ❿ · age_up imperial |
| 52:29 | dehinker · age_up imperial |
| 56:30 | ★ DrumM ❿ · resign |
[ AI ANALYSIS · 1 CREDIT ]
What really happened in this match?
Wolo.gg analyzes every decision: build order, eco, micro, common mistakes by bracket. Personalized analysis on WhatsApp or Discord in 30 seconds.
Civ guide
Poles
Perfil
Jugador #2533954